AoeStats
← MNYMan

Highland

506787887Analyzed
4v4 RM · 17d ago on Sep 15, 2026· 120m 49s· 8 players
Game mode
Random Map
Map size
Large (8 player)
Population
200
Speed
Normal
Resources
Standard
Victory
Conquest
Starting age
Dark Age
Ending age
Imperial Age
RankedLock teamsTeams togetherTeam positionsShared explorationLock speedFull tech treeHidden civsTurbo modeCheats
Victory
Defeat
🇺🇸 Koreans · United States
1012
+14
🇺🇸 Huns · United States
1011
+14
🇺🇸 Huns · United States
1011
+14
🇺🇸 Bohemians · United States
1011
+14
🇲🇽 Bohemians · Mexico
1024
-15
🇲🇽 Chinese · Mexico
976
-14
964
-14
🇲🇽 Tatars · Mexico
938
-13
CristopherRompeOrtosGeorgiano
12:40 Feudal Age
16:10 Castle Age
14:51 Double-Bit Axe
14:57 Horse Collar
15:25 Loom
17:49 Wheelbarrow
19:01 Bow Saw
23:23 Gold Mining
24:35 Bloodlines
26:47 Husbandry
28:04 Scale Barding Armor
28:53 Forging
34:23 Hand Cart
37:12 Town Watch
39:44 Chain Barding Armor
43:14 Imperial Age
41:29 Iron Casting
42:00 Heavy Plow
43:36 Stone Mining
43:27 Elite Monaspa
44:21 Aznauri Cavalry
45:32 Plate Barding Armor
45:57 Blast Furnace
49:04 Town Patrol
56:13 Light Cavalry
57:02 Caravan
57:45 Hussar
64:43 Crop Rotation
71:45 Onager
73:27 Siege Onager
80:44 Cavalier
91:06 Siege Engineers
90:58 Guard Tower
90:54 Arrowslits
110:01 Ballistics
110:42 Chemistry
110:05 Ballistics
Davicholord
13:39 Feudal Age
14:03 Horse Collar
14:10 Double-Bit Axe
17:38 Loom
20:02 Wheelbarrow
22:12 Fishing Lines
24:58 Castle Age
27:38 Gillnets
30:01 Fletching
30:59 Wagenburg Tactics
30:30 Pikeman
37:32 Imperial Age
36:34 Chemistry
37:58 Ballistics
38:34 Hand Cart
38:04 Town Watch
38:26 Hussite Reforms
39:43 Town Patrol
39:05 Elite Hussite Wagon
39:54 Halberdier
40:19 Arson
40:37 Squires
43:00 Bow Saw
42:54 Heavy Plow
49:30 Houfnice
67:51 Caravan
71:29 Forging
71:20 Scale Mail Armor
73:26 Two-Man Saw
96:54 Siege Engineers
SrElfo
0:39 Loom
11:44 Feudal Age
12:22 Double-Bit Axe
16:20 Horse Collar
23:58 Bloodlines
26:10 Castle Age
24:51 Wheelbarrow
26:12 Stone Mining
26:19 Gold Mining
27:07 Bow Saw
27:40 Fishing Lines
30:09 Heavy Plow
31:50 Fletching
32:01 Padded Archer Armor
33:21 Pikeman
34:06 Squires
45:09 Husbandry
49:24 Forging
49:20 Scale Barding Armor
49:12 Bodkin Arrow
49:34 Leather Archer Armor
49:06 Treadmill Crane
49:22 Murder Holes
49:33 Silk Armor
52:08 Imperial Age
51:22 Gold Shaft Mining
53:39 Caravan
54:29 Crop Rotation
54:06 Light Cavalry
55:30 Hussar
57:51 Hand Cart
59:13 Conscription
60:47 Heavy Camel Rider
62:39 Coinage
62:21 Guilds
64:22 Iron Casting
64:08 Chain Barding Armor
63:50 Bracer
64:01 Town Watch
66:04 Town Patrol
68:20 Timurid Siegecraft
70:52 Elite Keshik
73:57 Blast Furnace
73:33 Plate Barding Armor
74:51 Chemistry
74:12 Ballistics
73:58 Siege Engineers
80:17 Scale Mail Armor
80:48 Ring Archer Armor
80:04 Heavy Cavalry Archer
92:08 Onager
104:42 Capped Ram
110:25 Siege Ram
carlos981camargo
0:28 Loom
11:57 Feudal Age
19:12 Castle Age
25:20 Demolition Ship
26:14 Double-Bit Axe
30:27 Bow Saw
34:55 Imperial Age
34:49 Ballistics
34:25 Fletching
34:35 Padded Archer Armor
36:09 Bodkin Arrow
37:48 Bracer
41:13 Gold Mining
42:42 Wheelbarrow
41:35 Elite Fire Lancer
42:34 Forging
42:24 Scale Mail Armor
44:10 Iron Casting
45:08 Chain Mail Armor
46:41 Blast Furnace
46:12 Medium Warships
47:00 Gold Shaft Mining
48:12 Heavy Warships
49:25 Conscription
50:30 Plate Mail Armor
49:55 Demolition Ship
53:29 Chemistry
54:20 Heavy Rocket Cart
60:13 Capped Ram
61:04 Siege Ram
77:33 Pikeman
78:16 Squires
79:15 Halberdier
Bobby9000
8:07 Loom
11:02 Feudal Age
19:21 Castle Age
18:58 Double-Bit Axe
18:55 Horse Collar
22:20 Bow Saw
24:30 Wheelbarrow
26:13 Hand Cart
26:24 Heavy Plow
28:44 Pikeman
29:24 Squires
29:37 Forging
29:27 Scale Mail Armor
31:52 Ballistics
32:33 Chemistry
32:33 Wagenburg Tactics
40:37 Imperial Age
41:48 Iron Casting
41:28 Chain Mail Armor
42:51 Two-Man Saw
41:41 Houfnice
43:34 Elite Hussite Wagon
44:35 Conscription
48:16 Blast Furnace
47:46 Plate Mail Armor
48:08 Halberdier
49:38 Murder Holes
50:32 Caravan
52:37 Fletching
56:07 Treadmill Crane
56:42 Bodkin Arrow
62:49 Bracer
68:40 Hussite Reforms
MNYMan
10:36 Feudal Age
11:06 Double-Bit Axe
13:19 Wheelbarrow
15:31 Wheelbarrow
17:41 Castle Age
16:19 Wheelbarrow
17:52 Scale Barding Armor
18:00 Forging
21:14 Iron Casting
21:38 Husbandry
21:50 Bloodlines
23:11 Bow Saw
22:43 Horse Collar
23:44 Chain Barding Armor
24:05 Padded Archer Armor
23:57 Fletching
24:26 Stone Mining
26:15 Hand Cart
25:46 Loom
25:47 Town Watch
27:41 Heavy Plow
29:15 Marauders
30:18 Leather Archer Armor
31:44 Gold Mining
32:53 Ballistics
34:11 Bodkin Arrow
34:20 Murder Holes
38:21 Imperial Age
37:03 Town Patrol
40:59 Capped Ram
42:25 Plate Barding Armor
42:51 Blast Furnace
41:51 Bracer
42:20 Parthian Tactics
42:38 Gold Shaft Mining
43:54 Siege Ram
47:19 Caravan
47:52 Coinage
47:35 Guilds
49:10 Banking
50:30 Masonry
49:44 Heavy Cavalry Archer
52:13 Elite Tarkan
53:20 Atheism
57:01 Thumb Ring
62:38 Conscription
61:49 Sappers
64:20 Pikeman
68:19 Arson
68:36 Squires
69:06 Halberdier
78:51 Two-Man Saw
79:07 Chemistry
103:59 Cavalier
110:57 Cavalier
Caustic
10:54 Feudal Age
11:47 Double-Bit Axe
14:14 Fishing Lines
14:44 Gold Mining
16:43 Wheelbarrow
20:57 Castle Age
20:40 Fletching
22:07 Hand Cart
26:13 Gold Shaft Mining
26:11 Bow Saw
26:11 Bodkin Arrow
26:16 Gillnets
28:14 Heated Shot
28:49 Ballistics
32:57 Imperial Age
31:02 Forging
32:01 Loom
34:45 Chemistry
34:08 Siege Engineers
36:21 Two-Man Saw
35:59 Bracer
35:49 Arrowslits
36:29 Conscription
36:27 Elite Cannon Galleon
36:29 Elite Turtle Ship
39:06 Eupseong
43:18 Fortified Wall
43:41 Shipwright
43:34 Clinker Construction
43:37 Careening
43:41 Masonry
48:36 Caravan
49:16 Stone Mining
51:14 Architecture
50:42 Murder Holes
51:09 Dry Dock
51:10 Carvel Hull
51:45 Stone Shaft Mining
64:54 Heated Shot
64:46 Treadmill Crane
90:10 Coinage
89:51 Guilds
93:08 Shinkichon
95:05 Thumb Ring
94:21 Heavy Cavalry Archer
105:02 Capped Ram
109:41 Husbandry
110:32 Iron Casting
110:03 Scale Barding Armor
109:27 Cavalier
113:20 Chain Barding Armor
112:36 Light Cavalry
113:54 Hussar
Wushi
10:13 Feudal Age
11:31 Loom
14:55 Double-Bit Axe
17:20 Forging
17:16 Scale Barding Armor
22:26 Castle Age
22:10 Gold Mining
22:11 Stone Mining
26:27 Bow Saw
26:02 Horse Collar
28:07 Bloodlines
28:22 Marauders
31:57 Gold Shaft Mining
32:19 Chain Barding Armor
33:28 Wheelbarrow
35:13 Heavy Plow
35:20 Husbandry
36:46 Iron Casting
36:04 Fletching
40:33 Imperial Age
38:23 Hand Cart
38:47 Town Watch
39:42 Pikeman
40:24 Squires
40:28 Scale Mail Armor
40:24 Bodkin Arrow
41:23 Light Cavalry
43:14 Conscription
42:21 Hussar
45:34 Halberdier
50:07 Elite Tarkan
54:33 Caravan
58:41 Plate Barding Armor
59:07 Blast Furnace
58:23 Chain Mail Armor
69:19 Coinage
69:32 Coinage
69:51 Elite Skirmisher
70:38 Thumb Ring
71:22 Heavy Cavalry Archer
72:32 Ballistics
73:12 Chemistry
72:56 Parthian Tactics
76:33 Bracer
82:36 Cavalier
83:37 Paladin
101:52 Two-Man Saw
Connection lost

Rejoining the realm…

Still unreachable

The connection could not be restored.

Session expired

The server has moved on; the page needs a fresh start.